 Dungeon Crawl Stone Soup version 0.29-a0-997-gf6f7e2dfe7 (webtiles) character file.

Game seed: 13500343435773105173

109 gelatine the Chopper (level 4, -2/34 HPs)
             Began as a Demonspawn Gladiator on Aug 4, 2022.
             Killed by nerve-wracking pain
             ... invoked by Grinder
              (9 damage)
             ... on level 4 of the Dungeon.
             The game lasted 00:06:42 (3717 turns).

gelatine the Chopper (Demonspawn Gladiator)         Turns: 3717, Time: 00:06:42

Health: -2/34      AC:  7    Str: 23    XL:     4   Next: 60%
Magic:  4/4        EV: 12    Int:  9    God:
Gold:   74         SH:  0    Dex: 14    Spells: 3/3 levels left

rFire   . . .      SeeInvis .   a - +1 war axe
rCold   . . .      Faith    .   (no shield)
rNeg    . . .      Spirit   .   f - +0 ring mail
rPois   .          Reflect  .   c - +1 helmet
rElec   .          Harm     .   (no cloak)
rCorr   .          Rampage  .   (no gloves)
Will    .....                   (no boots)
Stlth   +.........              (no amulet)
HPRegen 0.11/turn               j - +6 ring of strength
MPRegen 0.09/turn               (no ring)

@: weak-willed
A: demonic guardian 2
a: no special abilities


You were on level 4 of the Dungeon.
You visited 1 branch of the dungeon, and saw 4 of its levels.

You collected 74 gold pieces.

Inventory:

Hand Weapons
 a - a +1 war axe (weapon)
Missiles
 d - 3 throwing nets (quivered)
 e - a javelin
 i - 2 poisoned darts
Armour
 c - a +1 helmet (worn)
 f - a +0 ring mail (worn)
 g - a +0 kite shield
 t - a +0 scale mail
Jewellery
 j - a +6 ring of strength (left hand)
 m - a ring of ice
 r - a ring of ice
Wands
 u - a wand of mindburst (14)
Scrolls
 h - a scroll of enchant armour
 q - a scroll of immolation
Potions
 b - a potion of might
 n - a potion of curing
 s - a potion of berserk rage
 v - a potion of flight {unknown}


   Skills:
 + Level 2.6 Fighting
 + Level 3.7 Axes
 + Level 1.8 Throwing
 + Level 1.7 Armour
 + Level 3.1 Dodging
 + Level 0.2 Stealth


You had 3 spell levels left.
You didn't know any spells.
Your spell library contained the following spells:

 Spells                   Type           Power      Damage    Failure   Level
 Freeze                   Ice            0%         1d3       54%         1
 Frozen Ramparts          Ice            0%         1d8       88%         3
 Ignite Poison            Fire/Tmut/Pois 0%         N/A       88%         3
 Mephitic Cloud           Conj/Pois/Air  0%         N/A       88%         3
 Hailstorm                Conj/Ice       0%         3d3       99%         4
 Freezing Cloud           Conj/Ice/Air   0%         6-21      100%        5


Dungeon Overview and Level Annotations

Branches:
Dungeon (4/15)
 Temple: D:4-7

Altars:
Fedhas
Vehumet

Annotations:
D:3 exclusion: statue
D:4 Grinder


Innate Abilities, Weirdness & Mutations

A demonic guardian rushes to your aid.


Message History

A gnoll comes into view. It is wielding a +0 whip.
A gnoll comes into view. It is wielding a +0 spear.
The gnoll shouts!
A gnoll comes into view. It is wielding a +0 whip.
Grinder comes into view.
The gnoll barely misses you. The gnoll barely misses you.
You hit the gnoll.
The gnoll is lightly wounded.
The gnoll hits you but does no damage. The gnoll hits you with a +0 spear.
You closely miss the gnoll.
The gnoll is lightly wounded.
The gnoll hits you but does no damage. The gnoll closely misses you.
You barely miss the gnoll.
The gnoll is lightly wounded.
The gnoll hits you with a +0 spear!
The gnoll splashes around in the water.
A worm comes into view.
The gnoll hits you but does no damage. x2
You completely miss the gnoll.
The gnoll is lightly wounded.
The gnoll barely misses you. The gnoll hits you but does no damage.
Grinder hits you.
You writhe in agony.
You hit Grinder.
Grinder is lightly wounded.
Grinder completely misses you. Grinder barely misses you.
You barely miss Grinder.
Grinder is lightly wounded.
You closely miss the gnoll. Grinder barely misses you.
The gnoll barely misses you.
You barely miss Grinder.
Grinder is lightly wounded.
You barely miss the gnoll.
The gnoll hits you from afar with a +0 spear!
* * * LOW HITPOINT WARNING * * *
The gnoll hits you from afar with a +0 spear.
* * * LOW HITPOINT WARNING * * *
Grinder gestures at you. Pain shoots through your body!
You die...

.#~~≈#~~~#≈~..####
...#
..~.~.~.~.~≈..
....
......≈..~..##
.###.
.#.≈..~♣~~...#. .#
. ....≈.~~~..~...
.#~.~♣.♣~.~♣##.#
..≈..~≈g≈g≈.....
.##.##g5.~~.##.
#.@###..... #..#
##.# #..# #..#
#... ##.#. #.#.#
#.# . ## ..


You could see Grinder and 3 gnolls.

Vanquished Creatures
  A gnoll (D:3)
  3 adders (D:2)
  A worm (D:2)
  2 orcs (D:3)
  4 endoplasms
  2 giant cockroaches
  7 goblins
  A hobgoblin (D:3)
  5 jackals
  5 kobolds
  4 ball pythons
  2 bats
  4 frilled lizards
  4 rats
45 creatures vanquished.

Vanquished Creatures (collateral kills)
  2 gnolls (D:3)
  A ball python (D:2)
  A rat (D:2)
4 creatures vanquished.

Grand Total: 49 creatures vanquished

Notes
Turn   | Place    | Note
-------+----------+-------------------------------------------
     0 | D:1      | gelatine the Demonspawn Gladiator began the quest for the
                  | Orb.
     0 | D:1      | Reached XP level 1. HP: 16/16 MP: 1/1
   579 | D:1      | Gained mutation: A weak demonic guardian rushes to your
                  | aid. [demonic ancestry]
   579 | D:1      | Reached XP level 2. HP: 11/22 MP: 2/2
   823 | D:1      | Noticed a great orb of eyes
   901 | D:1      | Noticed a shining eye
   906 | D:1      | Noticed a floating eye
   908 | D:1      | Found a faded altar of an unknown god.
   918 | D:1      | Noticed an eye of devastation
  1785 | D:2      | Reached skill level 1 in Armour
  1831 | D:2      | Reached XP level 3. HP: 16/27 MP: 3/3
  2588 | D:3      | Gained mutation: A demonic guardian rushes to your aid.
                  | [demonic ancestry]
  2588 | D:3      | Reached XP level 4. HP: 34/34 MP: 4/4
  2786 | D:3      | Found a radiant altar of Vehumet.
  2786 | D:3      | Noticed a charred statue
  3405 | D:3      | Found a blossoming altar of Fedhas.
  3706 | D:4      | Noticed Grinder
  3717 | D:4      | Killed from afar by Grinder

Illustrated notes

Levels and vault maps discovered:
D:1:      arrival_zaba_pyramid, layout_basic,
          hellmonk_ecumenical_altar_watching_god
D:2:      layout_basic, minivault_26
D:3:      layout_loops_ring, vehumet_statue, fedhas_altar_4,
          chequers_serial_rivers_micro_c, kennysheep_decorative_pillar
D:4:      layout_basic, elyvilon_altar_3, grunt_ministairs_6,
          chequers_serial_rivers_marsh, uniq_grinder

Skill      XL: |  1  2 |
---------------+-------+-----
Dodging        | 3 |  3.1
Axes           | 3 |  3.7
Armour         | 1 |  1.7
Fighting       | |  2.6
Throwing       | |  1.8
Stealth        | |  0.2

Action                   |  1- 3 |  4- 6 || total
-------------------------+-------+-------++-------
Melee: War axe           |   138 |    36 ||   174
       Punch             |     1 |       ||     1
  Use: Scroll            |       |     9 ||     9
Armor: Ring mail         |    64 |    23 ||    87
Dodge: Dodged            |   100 |    40 ||   140

Table legend: (Time is in decaauts)
 A = Elapsed time spent in this place.
 B = Non-inter-level travel time spent in this place.
 C = Inter-level travel time spent in this place.
 D = Time resting spent in this place.
 E = Time spent auto-exploring this place.
 F = Levels seen in this place.
 G = Mean time per level.
                   A        B        C        D        E       F      G
               +--------+--------+--------+--------+--------+-----+--------+
         Total |   3775 |   3560 |    215 |    286 |   2672 |   4 |  943.8 |
       Dungeon |   3775 |   3560 |    215 |    286 |   2672 |   4 |  943.8 |
               +--------+--------+--------+--------+--------+-----+--------+

Top non-repeatable levels by time:
     D:1: 1594 daAuts
     D:3: 1319 daAuts
     D:2: 824 daAuts
     D:4: 37 daAuts
